 Dungeon Crawl Stone Soup version 0.30-a0-939-gc8157cb160 (webtiles) character file.

Game seed: 13509945474088225080

126 AzureAlchemist the Trooper (level 5, -2/57 HPs)
             Began as an Ogre Fighter on Mar 25, 2023.
             Succumbed to a scorpion's poison
             ... on level 4 of the Dungeon.
             The game lasted 00:12:08 (2528 turns).

AzureAlchemist the Trooper (Ogre Fighter)           Turns: 2528, Time: 00:12:08

Health: -2/57      AC:  3    Str: 19 (20) XL:     5   Next: 10%
Magic:  14/14      EV:  8    Int:  6 (9)  God:
Gold:   120        SH:  8    Dex:  9 (10) Spells: 4/4 levels left

rFire   . . .      SeeInvis .    a - +0 trident
rCold   . . .      Faith    .    c - +0 kite shield
rNeg    . . .      Spirit   .    r - +0 robe
rPois   .          Reflect  .    (helmet restricted)
rElec   .          Rampage  .    (no cloak)
rCorr   .                        (gloves unavailable)
Will    .....                    (boots unavailable)
Stlth   +                        (no amulet)
HPRegen 0.29/turn                s - ring of magical power
MPRegen 0.14/turn                (no ring)

@: lethally poisoned (-2 -> -29)
A: large, unfitting armour, tough skin 1
a: no special abilities


You were on level 4 of the Dungeon.
You visited 1 branch of the dungeon, and saw 4 of its levels.

You collected 120 gold pieces.

Inventory:

Hand Weapons
 a - a +0 trident (weapon)
 b - a +0 sling
Armour
 c - a +0 kite shield (worn)
 r - a +0 robe (worn)
Magical Staves
 v - a staff of cold
Jewellery
 s - a ring of magical power (left hand)
 x - a ring of magical power
Scrolls
 e - a scroll of fog
 i - a scroll of blinking
 n - a scroll of fear
 u - a scroll of teleportation
 y - a scroll of vulnerability {unknown}
Potions
 d - a potion of might
 f - 2 potions of cancellation {unknown}
 g - 5 potions of curing {unknown}
 h - a potion of magic {unknown}
 k - 2 potions of degeneration
 l - a potion of heal wounds {unknown}
 o - a potion of invisibility {unknown}
 p - a potion of attraction {unknown}
 q - a potion of flight {unknown}
 t - 2 potions of lignification {unknown}
 w - a potion of haste {unknown}


   Skills:
 - Level 5.0 Fighting
 + Level 4.0 Polearms
 - Level 2.6 Dodging
 - Level 3.6 Shields


You had 4 spell levels left.
You didn't know any spells.
Your spell library was empty.

Dungeon Overview and Level Annotations

Branches:
Dungeon (4/15)
 Temple: D:4-7

Altars:

Shops:
D:2 ((


Innate Abilities, Weirdness & Mutations

You are too large for most types of armour.
You have tough skin. (AC +1)


Message History

The scorpion poisons you!
You barely miss the scorpion.
The scorpion is heavily wounded.
You feel very sick. The scorpion barely misses you.
You barely miss the scorpion.
The scorpion is heavily wounded.
You feel very sick.
The scorpion stings you but does no damage.
The scorpion stings you.
You are more poisoned.
The scorpion poisons you!
You hit the scorpion.
The scorpion is severely wounded.
You feel very sick. You block the scorpion's attack.
You hit the scorpion but do no damage.
The scorpion is severely wounded.
You feel very sick.
The scorpion stings you but does no damage.
You hit the scorpion.
The scorpion is severely wounded.
You feel very sick. The scorpion stings you.
You are more poisoned.
The scorpion poisons you! You block the scorpion's attack.
You hit the scorpion.
The scorpion is almost dead.
* * * LOW HITPOINT WARNING * * *
You feel very sick. The scorpion stings you.
* * * LOW HITPOINT WARNING * * *
The scorpion stings you.
* * * LOW HITPOINT WARNING * * *
You are more poisoned.
The scorpion poisons you!
It was a potion of degeneration.
There was something very wrong with that liquid.
You feel weakened.
You feel dopey.
You feel clumsy.
You die...

#.....## ###.
#..#...###....
#..##.......#
#..###.).####
. #..###..##
.. ..###..##
...#.. ##..#
......##..##
...s. #.@##
......#s.#
.........#
..........#
..#.####...#
#. ##...# ..
#..# . #..#
#..#


You could see a scorpion.

Vanquished Creatures
  8 adders
  A dart slug (D:3)
  5 orcs (D:3)
  6 bats
  4 endoplasms
  2 goblins
  4 hobgoblins
  4 jackals (D:2)
  2 quokkas
  5 ball pythons
  3 frilled lizards
  3 kobolds
  3 rats
50 creatures vanquished.

Notes
Turn   | Place    | Note
-------+----------+-------------------------------------------
     0 | D:1      | AzureAlchemist the Ogre Fighter began the quest for the
                  | Orb.
     0 | D:1      | Reached XP level 1. HP: 24/24 MP: 1/1
   329 | D:1      | Reached XP level 2. HP: 32/32 MP: 2/2
   996 | D:2      | Reached XP level 3. HP: 36/40 MP: 3/3
  1017 | D:2      | Found Meimin's Antique Weapon Boutique.
  1197 | D:2      | Found Raxaugh's Weapon Shop.
  1363 | D:2      | Found a faded altar of an unknown god.
  1767 | D:3      | Reached XP level 4. HP: 49/49 MP: 4/4
  2186 | D:3      | Reached skill level 5 in Fighting
  2441 | D:4      | Reached XP level 5. HP: 57/57 MP: 5/5
  2528 | D:4      | Succumbed to a scorpion's poison

Illustrated notes

Levels and vault maps discovered:
D:1:      heliophobic_arrival_battle_scene, layout_basic
D:2:      layout_rooms, shapermc_ecumenical_altar_ellora, serial_shops, shop,
          nicolae_shop_overgrown_old_shop, minivault_26,
          kennysheep_generic_room_3
D:3:      layout_basic
D:4:      layout_cave_pods

Skill      XL: |  1  2  3  4  5 |
---------------+----------------+-----
Polearms       | 3 4 |  4.0
Fighting       | 5 |  5.0
Dodging        | |  2.6
Shields        | |  3.6

Action                     |  1- 3 |  4- 6 || total
---------------------------+-------+-------++-------
  Melee: Trident           |    86 |    58 ||   144
   Fire: Sling             |     7 |    27 ||    34
    Use: Scroll            |       |     5 ||     5
         Potion            |       |     1 ||     1
   Stab: Sleeping          |     1 |       ||     1
 Armour: Robe              |    12 |    14 ||    26
  Dodge: Dodged            |    18 |    23 ||    41
  Block: Kite shield       |    28 |    24 ||    52

Table legend: (Time is in decaauts)
 A = Elapsed time spent in this place.
 B = Non-inter-level travel time spent in this place.
 C = Inter-level travel time spent in this place.
 D = Time resting spent in this place.
 E = Time spent auto-exploring this place.
 F = Levels seen in this place.
 G = Mean time per level.
                   A        B        C        D        E       F      G
               +--------+--------+--------+--------+--------+-----+--------+
         Total |   2569 |   2409 |    160 |    120 |   1684 |   4 |  642.2 |
       Dungeon |   2569 |   2409 |    160 |    120 |   1684 |   4 |  642.2 |
               +--------+--------+--------+--------+--------+-----+--------+

Top non-repeatable levels by time:
     D:1: 939 daAuts
     D:3: 794 daAuts
     D:2: 725 daAuts
     D:4: 109 daAuts
